Map: Ruins of Endion

Players

blackxored - Winner!

  • Race: Zerg Zerg
  • League: Diamond

Umaniel

  • Race: Protoss Protoss

VOD

Have the link to the VOD?

Description

Time

  • Played on: June 30, 2016, 8:55 a.m.
  • Length: 14:13
Show
View Real Time Build Order
Export as new Build Order

blackxored Zerg - Winner!

Build Orders: 3 Hatch before Pool, Lurkers 

Get SALT Encoding   

  12  0:01  Drone  
  13  0:09  Drone  
  14  0:23  Overlord, Extractor  
  14  0:26  Drone  
  15  0:42  Drone x2  
  17  0:56  Hatchery  
  16  0:59  Drone  
  16  1:01  Drone  
  18  1:19  Extractor  
  17  1:25  Drone  
  17  1:29  Drone, Hatchery  
  18  1:40  Drone x2  
  20  1:48  Spawning Pool  
  19  2:04  Drone  
  19  2:05  Drone  
  21  2:19  Drone x2  
  21  2:20  Drone  
  24  2:29  Drone  
  25  2:37  Queen  
  25  2:40  Overlord, Queen  
  25  2:41  Queen  
  31  2:45  Metabolic Boost  
  31  2:55  Zergling x2  
  31  2:56  Zergling x4  
  31  2:58  Overlord  
  34  3:13  Drone x4  
  34  3:14  Drone x3  
  37  3:48  Pneumatized Carapace  
  36  3:51  Drone x13  
  36  3:54  Overlord  
  49  3:55  Overlord  
  49  4:08  Extractor  
  48  4:11  Extractor  
  48  4:17  Drone  
  48  4:31  Lair  
  48  4:34  Extractor, Drone x3  
  48  4:35  Drone  
  48  4:37  Spore Crawler  
  50  4:40  Drone x3  
  53  4:47  Drone x10  
  53  4:48  Spore Crawler  
  62  4:57  Spore Crawler  
  63  5:14  Drone x2  
  63  5:16  Overlord x3  
  65  5:28  Roach Warren  
  65  5:29  Drone  
  65  5:32  Hydralisk Den  
  64  5:37  Drone x2  
  64  5:39  Drone x6  
  64  5:40  Drone x6  
  64  5:41  Drone  
  79  5:46  Extractor  
  79  5:47  Extractor  
  79  5:48  Overseer x2  
  77  5:52  Drone x3  
  80  6:01  Evolution Chamber  
  80  6:02  Evolution Chamber  
  80  6:03  Hydralisk x2  
  82  6:07  Muscular Augments  
  82  6:08  Glial Reconstitution, Hydralisk  
  82  6:09  Roach x2  
  88  6:16  Overlord x3  
  88  6:18  Hatchery  
  87  6:24  Hydralisk  
  89  6:43  Extractor x2  
  89  6:45  Drone  
  89  6:46  Drone x3  
  91  6:52  Zerg Missile Weapons Level 1, Zerg Ground Armor Level 1  
  91  6:53  Roach  
  91  6:54  Roach x10  
  113  6:55  Overlord x3  
  113  7:00  Infestation Pit  
  112  7:01  Drone  
  112  7:03  Spire, Drone  
  113  7:12  Spore Crawler  
  113  7:13  Drone  
  113  7:17  Hydralisk x7  
  113  7:20  Ravager  
  113  7:21  Ravager x2  
  113  7:22  Ravager x2  
  132  7:26  Zergling x10  
  132  7:28  Overlord  
  137  7:30  Overlord  
  137  7:39  Roach x3  
  137  7:41  Overlord x2  
  143  7:44  Lurker Den  
  143  7:49  Drone x5  
  148  7:54  Drone x4  
  152  7:59  Roach x3  
  145  8:25  Mutalisk x8  
  150  8:38  Drone x5  
  151  8:46  Mutalisk x4  
  154  8:52  Mutalisk  
  128  9:08  Drone x12  
  136  9:14  Zerg Missile Weapons Level 2  
  136  9:21  Zerg Ground Armor Level 2  
  136  9:23  Drone x6  
  142  9:34  Drone  
  142  9:35  Drone x3  
  138  10:09  Roach x10  
  138  10:10  Roach x2  
  146  10:25  Extractor  
  146  10:27  Lurker x5  
  148  10:30  Drone  
  148  10:32  Drone  
  148  10:33  Drone x4  
  154  10:39  Hatchery  
  154  10:42  Extractor  
  152  10:45  Extractor  
  152  10:49  Drone x4  
  156  10:50  Drone x2  
  150  11:10  Roach  
  150  11:11  Roach x7  
  166  11:13  Lurker x4  
  166  11:14  Lurker  
  171  11:26  Overlord  
  171  11:29  Overseer  
  171  11:34  Hatchery  
  171  11:36  Extractor  
  171  11:37  Extractor  
  166  11:59  Mutalisk x4  
  166  12:00  Mutalisk x5  
  180  12:22  Corruptor  
  170  12:23  Mutalisk x5  
  151  12:50  Roach  
  151  12:51  Roach x8  
  165  12:52  Roach x2  
  171  13:13  Corruptor x6  
  171  13:14  Corruptor x2  
  183  13:38  Drone x9  
  192  13:47  Drone x3  
Show
View Real Time Build Order
Export as new Build Order

Umaniel Protoss 

Build Orders: Nexus First 

Get SALT Encoding   

  12  0:01  Probe (Chrono Boost)  
  13  0:11  Probe (Chrono Boost)  
  14  0:19  Pylon  
  14  0:22  Probe (Chrono Boost)  
  15  0:37  Probe (Chrono Boost)  
  16  0:48  Probe (Chrono Boost)  
  17  0:59  Nexus  
  17  1:08  Gateway  
  17  1:12  Probe (Chrono Boost)  
  17  1:17  Assimilator  
  18  1:22  Probe (Chrono Boost)  
  19  1:26  Assimilator  
  20  1:33  Probe (Chrono Boost)  
  20  1:41  Gateway  
  20  1:44  Probe (Chrono Boost)  
  21  1:54  Probe (Chrono Boost)  
  21  1:56  Cybernetics Core  
  22  2:05  Probe (Chrono Boost)  
  24  2:15  Probe (Chrono Boost)  
  24  2:17  Probe (Chrono Boost)  
  25  2:26  Probe (Chrono Boost)  
  25  2:27  Probe (Chrono Boost)  
  27  2:33  Adept x2 (Chrono Boost), Warp Gate (Chrono Boost)  
  31  2:39  Mothership Core, Probe  
  34  2:45  Pylon  
  34  2:51  Probe  
  35  3:00  Probe  
  36  3:06  Forge, Probe  
  36  3:07  Sentry (Chrono Boost)  
  36  3:10  Sentry (Chrono Boost)  
  36  3:12  Probe  
  42  3:19  Probe  
  41  3:37  Probe  
  41  3:38  Probe  
  43  3:42  Nexus  
  43  3:48  Pylon  
  41  3:50  Protoss Ground Weapons Level 1 (Chrono Boost), Probe x2  
  41  3:53  Adept  
  45  4:00  Twilight Council  
  45  4:03  Probe  
  45  4:08  Probe  
  47  4:12  Pylon  
  47  4:16  Probe (Chrono Boost)  
  48  4:17  Assimilator  
  48  4:20  Probe (Chrono Boost)  
  48  4:22  Assimilator  
  49  4:29  Probe (Chrono Boost)  
  50  4:31  Robotics Facility  
  50  4:35  Probe (Chrono Boost)  
  51  4:38  Resonating Glaives (Chrono Boost)  
  51  4:40  Probe  
  52  4:46  Probe  
  52  4:52  Probe  
  54  4:58  Gateway x2, Probe  
  54  5:00  Probe  
  54  5:01  Gateway  
  54  5:03  Gateway  
  54  5:04  Probe  
  57  5:09  Probe  
  57  5:12  Probe  
  59  5:16  Probe  
  59  5:20  Gateway x2  
  60  5:28  Probe x2  
  60  5:29  Probe  
  60  5:34  Gateway  
  60  5:35  Gateway  
  63  5:39  Probe  
  63  5:41  Probe x2  
  63  5:42  Observer  
  67  5:46  Protoss Ground Weapons Level 2  
  67  5:49  Probe  
  68  5:58  Adept x3  
  74  6:14  Pylon, Warp Prism  
  74  6:15  Pylon  
  74  6:17  Pylon  
  76  6:19  Pylon  
  76  6:21  Pylon  
  76  6:23  Probe  
  77  6:28  Pylon x2  
  77  6:30  Pylon  
  77  6:31  Probe  
  77  6:32  Probe  
  79  6:35  Adept x2  
  79  6:39  Probe  
  84  6:53  Stargate  
  84  6:54  Stargate  
  84  6:56  Probe  
  85  7:05  Zealot x3  
  85  7:06  Zealot x2  
  85  7:08  Immortal  
  99  7:14  Charge (Chrono Boost)  
  99  7:20  Adept x4  
  107  7:42  Robotics Facility  
  107  7:44  Void Ray x2  
  107  7:48  Immortal  
  119  7:52  Adept  
  119  7:53  Adept x5  
  119  7:54  Adept x4  
  139  8:01  Pylon  
  139  8:03  Pylon  
  139  8:04  Pylon  
  133  8:11  Assimilator  
  129  8:14  Assimilator  
  127  8:22  Adept x6  
  127  8:23  Adept x3  
  134  8:34  Immortal x2  
  134  8:37  Templar Archives  
  134  8:52  Phoenix (Chrono Boost)  
  134  8:53  Phoenix (Chrono Boost)  
  126  9:08  Nexus  
  120  9:16  Phoenix x2 (Chrono Boost)  
  120  9:21  Adept x6  
  124  9:33  Immortal  
  128  9:40  Immortal  
  132  9:47  Probe x2  
  115  10:08  Stalker x2  
  119  10:18  Probe x3  
  118  10:26  Adept x4  
  118  10:27  Adept x4  
  134  10:30  Probe x3  
  134  10:31  Immortal, Warp Prism  
  134  10:34  Phoenix (Chrono Boost)  
  145  10:42  Probe x2  
  147  10:43  Probe  
  147  10:45  Probe  
  149  10:54  Probe x3  
  152  10:57  Probe  
  153  11:05  Probe  
  153  11:06  Probe x2  
  153  11:07  Observer  
  153  11:09  Probe  
  153  11:11  Observer  
  165  11:18  Oracle x2 (Chrono Boost), Probe  
  165  11:23  Probe  
  167  11:29  Robotics Bay  
  167  11:31  Probe  
  167  11:32  Probe x2  
  170  11:34  Probe  
  170  11:36  Pylon  
  170  11:38  Pylon  
  171  11:43  Adept x4  
  171  11:44  Probe  
  180  11:53  Probe  
  180  11:55  Probe  
  180  11:57  Probe  
  101  12:37  Adept x2  
  101  12:38  Adept x6  
  101  12:39  Adept x2  
  101  12:42  Colossus, Phoenix x2 (Chrono Boost)  
  101  12:43  Immortal  
  124  13:04  Phoenix x2 (Chrono Boost)  
  119  13:25  Phoenix (Chrono Boost)  
  117  13:28  Phoenix (Chrono Boost)  
  117  13:33  Immortal  
  117  13:37  Stalker x2  
  117  13:39  Probe  
  117  13:41  Assimilator  
  126  13:45  Assimilator  
  126  13:47  Phoenix (Chrono Boost)  
  126  13:48  Stalker x4  
  132  13:49  Phoenix (Chrono Boost)  
Tags
 
Add a new tag
Caveats
  • Supply blocks, unpowered buildings, or Contaminate may cause inaccurate times.
  • Supply counts are checked every 10 seconds.